 Dungeon Crawl Stone Soup version 0.21.1-1-g345015f (webtiles) character file.

221 inc the Conjurer (level 5, -1/31 HPs)
             Began as an Octopode Wizard on Apr 26, 2018.
             Blown up by Ijyb (21 damage)
             ... with a wand of disintegration (17)
             ... on level 4 of the Dungeon.
             The game lasted 00:04:12 (3615 turns).

inc the Conjurer (Octopode Wizard)                  Turns: 3615, Time: 00:04:13

Health: -1/31      AC:  1    Str:  7    XL:     5   Next: 98%
Magic:  3/9        EV: 13    Int: 21    God:
Gold:   121        SH:  0    Dex: 10    Spells: 9/10 levels left

rFire    . . .     SeeInvis .   o - +2 dagger (speed)
rCold    . . .     Gourm    .   (no shield)
rNeg     . . .     Faith    .   a - +0 hat
rPois    .         Spirit   .   (no amulet)
rElec    .         Reflect  .   (no ring)
rCorr    .         Harm     .   (no ring)
MR       .....                  (no ring)
Stlth    +++.......             (no ring)
HPRegen  0.10/turn              (no ring)
MPRegen  0.11/turn              (no ring)
                                (no ring)
                                (no ring)

@: no status effects
A: almost no armour, stealthy swim, amphibious, 8 rings, constrict 8, camouflage
1, gelatinous body 1
a: no special abilities


You were on level 4 of the Dungeon.
You were not hungry.

You visited 1 branch of the dungeon, and saw 4 of its levels.

You collected 121 gold pieces.

Inventory:

Hand Weapons
 l - a +0 flail
 o - a +2 dagger of speed (weapon)
Armour
 a - a +0 hat (worn)
Jewellery
 p - a +5 ring of intelligence {unknown}
 t - an uncursed ring of protection from magic {unknown}
 w - an uncursed amulet of harm {unknown}
Wands
 s - a wand of digging (8)
Scrolls
 e - a scroll of amnesia {unknown}
 f - 12 scrolls of identify {unknown}
 g - 2 scrolls of teleportation {unknown}
 h - a scroll of fog {unknown}
 i - 2 scrolls of remove curse {unknown}
 r - 2 scrolls of fear {unknown}
 v - a scroll of random uselessness {unknown}
Potions
 d - 4 potions of curing {unknown}
 j - a potion of invisibility {unknown}
 k - 3 potions of haste {unknown}
 m - 2 potions of flight {unknown}
 n - a potion of agility {unknown}
 q - a potion of mutation {unknown}
 u - 2 potions of brilliance {unknown}
 x - a potion of resistance {unknown}
Books
 b - a book of Minor Magic

   Spells                             Type                      Level
   a - Magic Dart                     Conjuration                  1
   b - Blink                          Translocation                2
   c - Call Imp                       Summoning                    2
   d - Slow                           Hexes                        2
   e - Conjure Flame                  Conjuration/Fire             3
   f - Mephitic Cloud                 Conjuration/Poison/Air       3
Comestibles
 c - 7 rations
 z - 3 chunks of flesh


   Skills:
 - Level 2.0 Dodging
 - Level 2.6 Stealth
 - Level 3.0 Spellcasting
 + Level 5.7 Conjurations
   Level 1.0 Summonings
   Level 1.0 Translocations


You had 9 spell levels left.
You knew the following spells:

 Your Spells              Type           Power        Failure   Level  Hunger
a - Magic Dart            Conj           ####         1%          1    None


Dungeon Overview and Level Annotations

Branches:
Dungeon (4/15)
 Temple: D:4-7

Altars:
Fedhas
Qazlal
The Shining One

Annotations:
D:3 microfolk's ghost, amateur GrEE
D:4 Ijyb; Sigmund


Innate Abilities, Weirdness & Mutations

You cannot wear most types of armour.
You are very stealthy in the water. (Stealth+)
You are amphibious.
You can wear up to eight rings at the same time.
You can use your tentacles to constrict eight enemies at once.
Your skin changes colour to match your surroundings (Stealth+).
Your rubbery body absorbs attacks. (AC +1, EV +1)


Message History

The orc shouts!
Ijyb barely misses you.
Sigmund the Dreaded comes into view.
He is wielding a scythe.
Sigmund shouts!
Ijyb screams, "I dance on your bones!"
Ijyb zaps a wand.
You barely resist.
Found a scroll labeled YTOOTU XYOMOM.
A quokka skeleton comes into view.
Sigmund casts a spell.
Sigmund flickers and vanishes!
Deactivating autopickup; reactivate with Ctrl-A.
You see here a scroll labeled YTOOTU XYOMOM.
You hit the quokka skeleton. You grab the quokka skeleton.
The quokka skeleton is heavily damaged.
You constrict the quokka skeleton. You hit the quokka skeleton.
You destroy the quokka skeleton!
Ijyb zaps a wand.
You are blasted!
Ouch! That really hurt!
You die...

#..########### #.....####
#..######....# ###.....#
#>......+...............####
##.######...................
#.######....######.##..####
#..........# #.........
#..#######.# ##.....###
####..## #.# #[.......
#......# #@# #..#..###
#......# #.# ##.#..#
#......#### #g# #.#.
#......'..###.# ..###
####...<..#....#.# ....
..........#....#l# .###
..........#....#.####### #
.....######....#o....... #
.....# #....#..###...# .


You could see Ijyb, an orc and a frilled lizard.

Vanquished Creatures
  An orc priest (D:3)
  An orc wizard (D:3)
  6 gnolls
  2 adders
  4 worms
  2 dart slugs
  3 leopard geckos
  3 orcs
  A ball python (D:3)
  9 bats
  2 giant cockroaches (D:3)
  7 goblins
  11 hobgoblins
  6 jackals (D:1)
  7 frilled lizards
  3 kobolds (D:2)
  A quokka skeleton (D:4)
  4 rats
73 creatures vanquished.

Notes
Turn   | Place    | Note
-------+----------+-------------------------------------------
     0 | D:1      | inc the Octopode Wizard began the quest for the Orb.
     0 | D:1      | Reached XP level 1. HP: 11/11 MP: 4/4
    26 | D:1      | Reached skill level 2 in Conjurations
    26 | D:1      | Reached XP level 2. HP: 10/17 MP: 3/6
   430 | D:1      | Reached XP level 3. HP: 21/21 MP: 3/7
   561 | D:1      | Reached skill level 3 in Conjurations
  1278 | D:3      | Reached XP level 4. HP: 14/27 MP: 1/8
  1378 | D:3      | HP: 1/27 [gnoll/whip (8)]
  1381 | D:3      | Reached skill level 4 in Conjurations
  2017 | D:2      | Reached XP level 5. HP: 20/31 MP: 9/9
  2232 | D:2      | Found a glowing golden altar of the Shining One.
  2276 | D:2      | Found a stormy altar of Qazlal.
  2640 | D:3      | Found a blossoming altar of Fedhas.
  2655 | D:3      | Reached skill level 5 in Conjurations
  3417 | D:3      | Noticed microfolk's ghost (amateur GrEE)
  3590 | D:4      | Noticed Ijyb
  3602 | D:4      | Noticed Sigmund
  3615 | D:4      | Blown up by Ijyb

Skill      XL: |  1  2  3  4  5 |
---------------+----------------+-----
Conjurations   | 2 3 4 5 |  5.7
Dodging        | |  2.0
Stealth        | |  2.6
Spellcasting   | |  3.0
Summonings     | |  1.0
Translocations | |  1.0

Action                   |  1- 3 |  4- 6 || total
-------------------------+-------+-------++-------
Melee: Unarmed           |    31 |       ||    31
       Constrict         |     9 |     7 ||    16
       Tentacles         |     5 |     6 ||    11
       Flail             |       |     7 ||     7
       Dagger            |       |    27 ||    27
 Cast: Magic Dart        |    63 |    95 ||   158
 Stab: Sleeping          |       |     1 ||     1
  Eat: Chunk             |       |     8 ||     8
Armor: Skin              |     3 |     2 ||     5
Dodge: Dodged            |    30 |    25 ||    55
